AA CENTRAL
SPRINGFIELD CARDINALS @ FRISCO ROUGHRIDERS
09/08/2041
 
TOP OF THE 1ST
Springfield Cardinals batting - Pitching for Frisco RoughRiders : LHP Jim Unknown
Pitching: LHP Jim Unknown
Batting: RHB Mende Dodwell 0-0: Ball
1-0: Fly out, F7 (Line Drive, 7S, EV 87.5 MPH)
Batting: LHB José Baca 0-0: Foul Ball, location: 7LMF
0-1: Ball
1-1: Ball
2-1: Ball
3-1: Base on Balls
Batting: RHB Ronnie Watson 0-0: Swinging Strike
0-1: Called Strike
0-2: Foul Ball, location: 2F
0-2: Ball
1-2: Ball
2-2: Foul Ball, location: 2F
2-2: Grounds into double play, 6-4-3 (Groundball, 6, EV 90.6 MPH)
Top of the 1st over - 0 runs, 0 hits, 0 errors, 0 left on base; Springfield 0 - Frisco 0
BOTTOM OF THE 1ST
Frisco RoughRiders batting - Pitching for Springfield Cardinals : RHP Elijah Stafford
Pitching: RHP Elijah Stafford
Batting: RHB Dave Maxwell 0-0: Foul Ball, location: 7LDF
0-1: Fly out, F7 (Flyball, 78M, EV 88.8 MPH)
Batting: LHB Caspar Ahernfeld 0-0: Ball
1-0: Called Strike
1-1: Ball
2-1: Foul Ball, location: 2LF
2-2: Strikes out swinging, 2-3 out at first.
Batting: RHB Joel Johnson 0-0: Ball
1-0: Ball
2-0: Ground out 5-3 (Groundball, 56S, EV 65.6 MPH)
Bottom of the 1st over - 0 runs, 0 hits, 0 errors, 0 left on base; Springfield 0 - Frisco 0
TOP OF THE 2ND
Springfield Cardinals batting - Pitching for Frisco RoughRiders : LHP Jim Unknown
Batting: LHB Alex Wood 0-0: Called Strike
0-1: Swinging Strike
0-2: Strikes out swinging
Batting: RHB Tony Vance 0-0: Ball
1-0: Ground out 6-3 (Groundball, 6, EV 101.3 MPH)
Batting: LHB Wilson Dampos 0-0: Ball
1-0: Called Strike
1-1: Ball
2-1: Ball
3-1: Base on Balls
Batting: LHB Jorge Martínez 0-0: Ball
1-0: Ball
2-0: Ball
3-0: Called Strike
3-1: Called Strike
3-2: Foul Ball, location: 2F
3-2: Base on Balls
Wilson Dampos to second
Pitching: RHP Jim Unknown
Batting: RHB Cris Castro 0-0: Called Strike
0-1: Swinging Strike
0-2: Foul Ball, location: 2F
0-2: Ball
1-2: Strikes out swinging
Top of the 2nd over - 0 runs, 0 hits, 0 errors, 2 left on base; Springfield 0 - Frisco 0
BOTTOM OF THE 2ND
Frisco RoughRiders batting - Pitching for Springfield Cardinals : RHP Elijah Stafford
Batting: RHB António Ramírez 0-0: Swinging Strike
0-1: Ball
1-1: Ball
2-1: Ball
3-1: DOUBLE (Groundball, 5D, EV 103.1 MPH)
Batting: LHB Shawn Rice 0-0: Called Strike
0-1: Swinging Strike
0-2: Ball
1-2: Foul Ball, location: 2F
1-2: Strikes out swinging
Batting: LHB Jim Unknown 0-0: Called Strike
0-1: Called Strike
0-2: Ball
1-2: Ball
2-2: Foul Ball, location: 2F
2-2: Strikes out swinging
Batting: RHB Jim Unknown 0-0: Ball
1-0: Foul Ball, location: 2F
1-1: Swinging Strike
1-2: Ball
2-2: Strikes out looking
Bottom of the 2nd over - 0 runs, 1 hit, 0 errors, 1 left on base; Springfield 0 - Frisco 0
TOP OF THE 3RD
Springfield Cardinals batting - Pitching for Frisco RoughRiders : RHP Jim Unknown
Batting: RHB Alan Radini 0-0: Called Strike
0-1: Called Strike
0-2: Strikes out swinging
Batting: RHB Mende Dodwell 0-0: Ball
1-0: Ball
2-0: Ball
3-0: Base on Balls
Batting: LHB José Baca 0-0: Ball
1-0: Ball
2-0: Called Strike
2-1: Foul Ball, location: 9LMF
2-2: SINGLE (Groundball, 5S, EV 61.9 MPH) (infield hit)
Mende Dodwell to second
Batting: RHB Ronnie Watson 0-0: Called Strike
0-1: Foul Ball, location: 2F
0-2: Foul Ball, location: 2F
0-2: Strikes out swinging
Batting: LHB Alex Wood 0-0: Ball
1-0: Ball
2-0: Ball
3-0: Base on Balls
Mende Dodwell to third
José Baca to second
Batting: RHB Tony Vance 0-0: Fly out, F8 (Line Drive, 8RM, EV 95.6 MPH)
Top of the 3rd over - 0 runs, 1 hit, 0 errors, 3 left on base; Springfield 0 - Frisco 0
BOTTOM OF THE 3RD
Frisco RoughRiders batting - Pitching for Springfield Cardinals : RHP Elijah Stafford
Batting: LHB Jim Unknown 0-0: Ball
1-0: Fly out, F7 (Line Drive, 6D, EV 73.8 MPH)
Batting: RHB Jim Unknown 0-0: Called Strike
0-1: Reached on error, E4 (Groundball, 4, EV 81.3 MPH)
Batting: RHB Dave Maxwell 0-0: Called Strike
0-1: Fly out, F9 (Flyball, 9LM, EV 103.1 MPH)
Batting: LHB Caspar Ahernfeld 0-0: Ball
1-0: Called Strike
1-1: Called Strike
1-2: Ball
2-2: Fly out, F8 (Flyball, 8RD, EV 102.5 MPH)
Bottom of the 3rd over - 0 runs, 0 hits, 1 error, 1 left on base; Springfield 0 - Frisco 0
TOP OF THE 4TH
Springfield Cardinals batting - Pitching for Frisco RoughRiders : RHP Jim Unknown
Batting: LHB Wilson Dampos 0-0: Fly out, F3 (Line Drive, 3, EV 65.6 MPH)
Batting: LHB Jorge Martínez 0-0: Called Strike
0-1: SOLO HOME RUN (Flyball, 9LD, EV 90.6 MPH), Distance : 350 ft
Batting: RHB Cris Castro 0-0: Ball
1-0: Bunted foul
1-1: Foul Ball, location: 9LMF
1-2: Ball
2-2: Foul Ball, location: 2F
2-2: Ground out 5-3 (Groundball, 56, EV 83.1 MPH)
Batting: RHB Alan Radini 0-0: Ball
1-0: Called Strike
1-1: Ground out 6-3 (Groundball, 6, EV 100.6 MPH)
Top of the 4th over - 1 run, 1 hit, 0 errors, 0 left on base; Springfield 1 - Frisco 0
BOTTOM OF THE 4TH
Frisco RoughRiders batting - Pitching for Springfield Cardinals : RHP Elijah Stafford
Batting: RHB Joel Johnson 0-0: Ball
1-0: Ball
2-0: Ball
3-0: Called Strike
3-1: Foul Ball, location: 9LMF
3-2: Fly out, F9 (Line Drive, 89M, EV 107.5 MPH)
Batting: RHB António Ramírez 0-0: Foul Ball, location: 3DF
0-1: Swinging Strike
0-2: Ball
1-2: Ball
2-2: Ball
3-2: Strikes out swinging
Batting: LHB Shawn Rice 0-0: SINGLE (Line Drive, 7S, EV 90.6 MPH)
Batting: LHB Jim Unknown 0-0: Ball
1-0: Called Strike
Shawn Rice is caught stealing 2nd base 2-6
Bottom of the 4th over - 0 runs, 1 hit, 0 errors, 0 left on base; Springfield 1 - Frisco 0
TOP OF THE 5TH
Springfield Cardinals batting - Pitching for Frisco RoughRiders : RHP Jim Unknown
Batting: RHB Mende Dodwell 0-0: Ball
1-0: SINGLE (Line Drive, 56D, EV 102.5 MPH)
Batting: LHB José Baca 0-0: Ball
1-0: Fly out, F3 (Popup, 3, EV 76.3 MPH)
Batting: RHB Ronnie Watson 0-0: Called Strike
0-1: Ball
1-1: Swinging Strike
1-2: Grounds into double play, 6-4-3 (Groundball, 6, EV 110.0 MPH)
Top of the 5th over - 0 runs, 1 hit, 0 errors, 0 left on base; Springfield 1 - Frisco 0
BOTTOM OF THE 5TH
Frisco RoughRiders batting - Pitching for Springfield Cardinals : RHP Elijah Stafford
Batting: LHB Jim Unknown 0-0: Called Strike
0-1: Foul Ball, location: 2F
0-2: Fly out, F8 (Flyball, 8RM, EV 100.6 MPH)
Batting: RHB Jim Unknown 0-0: Ball
1-0: Called Strike
1-1: Foul Ball, location: 3F
1-2: Foul Ball, location: 2F
1-2: Foul Ball, location: 2F
1-2: Strikes out swinging
Batting: LHB Jim Unknown 0-0: Called Strike
0-1: Foul Ball, location: 5DF
0-2: Foul Ball, location: 7LDF
0-2: Fly out, F8 (Flyball, 89S, EV 79.4 MPH)
Bottom of the 5th over - 0 runs, 0 hits, 0 errors, 0 left on base; Springfield 1 - Frisco 0
TOP OF THE 6TH
Springfield Cardinals batting - Pitching for Frisco RoughRiders : RHP Jim Unknown
Batting: LHB Alex Wood 0-0: Ball
1-0: Called Strike
1-1: SINGLE (Line Drive, 34D, EV 99.4 MPH)
Batting: RHB Tony Vance 0-0: Foul Ball, location: 5F
0-1: Ball
1-1: Ball
2-1: Foul Ball, location: 23FF
2-2: Ball
3-2: Strikes out swinging
Batting: LHB Wilson Dampos Pickoff Throw to First - Out! 1-3
0-0: Called Strike
0-1: Ball
1-1: Foul Ball, location: 2F
1-2: Ground out 4-3 (Groundball, 34D, EV 85.0 MPH)
Top of the 6th over - 0 runs, 1 hit, 0 errors, 0 left on base; Springfield 1 - Frisco 0
BOTTOM OF THE 6TH
Frisco RoughRiders batting - Pitching for Springfield Cardinals : RHP Elijah Stafford
Batting: RHB Jim Unknown 0-0: Ball
1-0: Ground out 5-3 (Groundball, 56, EV 80.6 MPH)
Batting: RHB Dave Maxwell 0-0: Ball
1-0: Called Strike
1-1: Ball
2-1: Ball
3-1: Base on Balls
Batting: LHB Caspar Ahernfeld 0-0: Called Strike
0-1: Ball
Dave Maxwell steals 2nd base
1-1: Swinging Strike
1-2: Ball
2-2: Foul Ball, location: 5F
2-2: Strikes out swinging
Batting: RHB Joel Johnson 0-0: Fly out, F8 (Flyball, 89M, EV 84.4 MPH)
Bottom of the 6th over - 0 runs, 0 hits, 0 errors, 1 left on base; Springfield 1 - Frisco 0
TOP OF THE 7TH
Springfield Cardinals batting - Pitching for Frisco RoughRiders : RHP Jim Unknown
Batting: LHB Jorge Martínez 0-0: Ball
1-0: Called Strike
1-1: Foul Ball, location: 7LDF
1-2: Ball
2-2: Ball
3-2: Fly out, F6 (Popup, P, EV 84.4 MPH)
Batting: RHB Cris Castro 0-0: Ground out U3 (Groundball, 34, EV 101.9 MPH)
Batting: RHB Alan Radini 0-0: Ball
1-0: Ball
2-0: SINGLE (Groundball, 34D, EV 101.3 MPH)
Batting: RHB Mende Dodwell 0-0: Foul Ball, location: 9LMF
0-1: Ball
1-1: Ball
2-1: Ball
3-1: Called Strike
3-2: Ground out 4-3 (Groundball, 4, EV 85.0 MPH)
Top of the 7th over - 0 runs, 1 hit, 0 errors, 1 left on base; Springfield 1 - Frisco 0
BOTTOM OF THE 7TH
Frisco RoughRiders batting - Pitching for Springfield Cardinals : RHP Elijah Stafford
Batting: RHB António Ramírez 0-0: Ball
1-0: Ball
2-0: Called Strike
2-1: Foul Ball, location: 9LMF
2-2: Foul Ball, location: 2F
2-2: Ground out 3-1 (Groundball, 34S, EV 86.3 MPH)
Batting: LHB Shawn Rice 0-0: Ball
1-0: Called Strike
1-1: Swinging Strike
1-2: Strikes out swinging
Batting: LHB Jim Unknown 0-0: Fly out, F8 (Flyball, 8LD, EV 101.3 MPH)
Bottom of the 7th over - 0 runs, 0 hits, 0 errors, 0 left on base; Springfield 1 - Frisco 0
TOP OF THE 8TH
Springfield Cardinals batting - Pitching for Frisco RoughRiders : RHP Jim Unknown
Batting: LHB José Baca 0-0: Ball
1-0: Called Strike
1-1: Fly out, F8 (Flyball, 8RM, EV 87.5 MPH)
Batting: RHB Ronnie Watson 0-0: Called Strike
0-1: Foul Ball, location: 5SF
0-2: Ball
1-2: Ball
2-2: Fly out, F8 (Flyball, 89D, EV 102.5 MPH)
Batting: LHB Alex Wood 0-0: Ball
1-0: Ball
2-0: Called Strike
2-1: Ball
3-1: DOUBLE (Groundball, 3L, EV 98.8 MPH)
Pitching: RHP Jim Unknown
Batting: RHB Tony Vance 0-0: Ball
1-0: SINGLE (Groundball, 34D, EV 101.3 MPH)
Alex Wood to third
Runner from 3rd tries for Home, SAFE, throw by RF to home
Batting: LHB Wilson Dampos 0-0: Called Strike
0-1: Ball
1-1: Ball
2-1: Called Strike
2-2: Foul Ball, location: 2F
2-2: Ground out 4-3 (Groundball, 4, EV 78.1 MPH)
Top of the 8th over - 1 run, 2 hits, 0 errors, 1 left on base; Springfield 2 - Frisco 0
BOTTOM OF THE 8TH
Frisco RoughRiders batting - Pitching for Springfield Cardinals : RHP Elijah Stafford
Batting: RHB Jim Unknown 0-0: Called Strike
0-1: Reached via error on a dropped throw from 1B, E1 (Groundball, 34S, EV 79.4 MPH)
Batting: LHB Jim Unknown 0-0: Ball
1-0: Called Strike
1-1: Ball
2-1: Called Strike
2-2: Foul Ball, location: 2F
2-2: Strikes out swinging
Batting: RHB Jim Unknown 0-0: Foul Ball, location: 2F
0-1: Ball
1-1: Ball
2-1: Swinging Strike
2-2: Strikes out swinging
Batting: RHB Dave Maxwell 0-0: Ball
1-0: Called Strike
1-1: Foul Ball, location: 2F
1-2: Strikes out looking
Bottom of the 8th over - 0 runs, 0 hits, 1 error, 1 left on base; Springfield 2 - Frisco 0
TOP OF THE 9TH
Springfield Cardinals batting - Pitching for Frisco RoughRiders : RHP Jim Unknown
Batting: LHB Jorge Martínez 0-0: Ball
1-0: Ball
2-0: Foul Ball, location: 7LMF
2-1: Ball
3-1: Called Strike
3-2: Base on Balls
Batting: RHB Cris Castro 0-0: Ball
1-0: Bunted foul
1-1: Bunted foul
1-2: SINGLE (Groundball, 6, EV 91.9 MPH)
Jorge Martínez to second
Batting: RHB Alan Radini 0-0: Sac Bunt to 2L - play at first, batter OUT! 2-3
Jorge Martínez to third
Cris Castro to second
Batting: RHB Mende Dodwell 0-0: Ball
1-0: Foul Ball, location: 2F
1-1: Ball
2-1: Foul Ball, location: 2F
2-2: Strikes out looking
Batting: LHB José Baca 0-0: Ball
1-0: Swinging Strike
1-1: Swinging Strike
1-2: Ball
2-2: Foul Ball, location: 2RF
2-2: Strikes out swinging
Top of the 9th over - 0 runs, 1 hit, 0 errors, 2 left on base; Springfield 2 - Frisco 0
BOTTOM OF THE 9TH
Frisco RoughRiders batting - Pitching for Springfield Cardinals : RHP Elijah Stafford
Pitching: RHP Juan Ramos
Batting: LHB Caspar Ahernfeld 0-0: Foul Ball, location: 2F
0-1: Ball
1-1: Ball
2-1: Foul Ball, location: 2RF
2-2: Foul Ball, location: 2F
2-2: Foul Ball, location: 9LDF
2-2: Ball
3-2: Fly out, F5 (Popup, 56, EV 77.5 MPH)
Batting: RHB Joel Johnson 0-0: Called Strike
0-1: Called Strike
0-2: Foul Ball, location: 7LSFF
0-2: Ball
1-2: Foul Ball, location: 3F
1-2: Strikes out looking
Batting: RHB António Ramírez 0-0: Ball
1-0: Called Strike
1-1: Foul Ball, location: 9LSF
1-2: Ball
2-2: SINGLE (Line Drive, 89M, EV 103.8 MPH)
Batting: LHB Shawn Rice 0-0: Ball
1-0: Foul Ball, location: 3DF
1-1: Foul Ball, location: 2F
1-2: Ball
2-2: Strikes out looking
Bottom of the 9th over - 0 runs, 1 hit, 0 errors, 1 left on base; Springfield 2 - Frisco 0
Monday, April 1st , 2024 - OOTP Baseball 24.10 Build 82